 Dungeon Crawl Stone Soup version 0.25-a0-55-g0753fd1ad2 (webtiles) character file.

Game seed: 2091685425493630963, levelgen mode: deterministic

3405 RedPan the Caller (level 9, -2/70 HPs)
             Began as a Red Draconian Ice Elementalist on Oct 25, 2019.
             Was a Priest of Sif Muna.
             Slain by Erica
             ... wielding a +1 scimitar of flaming
              (11 damage)
             ... on level 8 of the Dungeon.
             The game lasted 00:25:38 (12169 turns).

RedPan the Caller (Red Draconian Ice Elementalist) Turns: 12169, Time: 00:25:39

Health: -2/70      AC:  7    Str: 10    XL:     9   Next: 75%
Magic:  15/36      EV: 13    Int: 20    God:    Sif Muna [***...]
Gold:   462        SH:  4    Dex: 11    Spells: 6/20 levels left

rFire    + + .     SeeInvis .   A - +5 rapier of the Absolute Madman {pierce, rElec rF+ Stlth+}
rCold    . . .     Gourm    .   p - +0 buckler
rNeg     . . .     Faith    .   (armour unavailable)
rPois    .         Spirit   .   (helmet restricted)
rElec    +         Reflect  .   (no cloak)
rCorr    .         Harm     .   (no gloves)
MR       .....                  (no boots)
Stlth    +++.......             (no amulet)
HPRegen  0.21/turn              h - ring of magical power
MPRegen  0.25/turn              q - ring of magical power

@: lethally poisoned (-2 -> -12), slowed, very slow
A: breathe fire, unfitting armour, fire resistance 1, cold-blooded, AC +7
a: Breathe Fire, Channel Magic, Forget Spell, Renounce Religion


You were on level 8 of the Dungeon.
You worshipped Sif Muna.
Sif Muna was most pleased with you.
You were not hungry.

You visited 2 branches of the dungeon, and saw 9 of its levels.

You collected 462 gold pieces.

Inventory:

Hand Weapons
 a - a +0 short sword
 g - a +0 mace
 r - a +0 scimitar of holy wrath
 A - the +5 rapier of the Absolute Madman (weapon) {pierce, rElec rF+ Stlth+}
   (You found it on level 8 of the Dungeon)

   It inflicts extra damage upon your enemies.
   It protects you from fire.
   It insulates you from electricity.
   It makes you more stealthy.
Armour
 p - a +0 buckler (worn)
 s - a +0 shield
Magical Staves
 m - an uncursed staff of energy
 x - an uncursed staff of air
Jewellery
 d - an uncursed ring of flight
 h - a ring of magical power (left hand)
 q - a ring of magical power (right hand)
Wands
 t - a wand of paralysis (9)
 D - a wand of random effects (14)
Scrolls
 j - 5 scrolls of amnesia
 k - 2 scrolls of teleportation
 y - a scroll of enchant armour
 z - a scroll of remove curse
Potions
 c - 2 potions of haste
 e - a potion of invisibility
 f - 2 potions of mutation
 i - 2 potions of berserk rage {unknown}
 l - 2 potions of might
 n - a potion of brilliance
 u - a potion of agility {unknown}
 v - a potion of flight {unknown}
 w - a potion of ambrosia {unknown}
 C - a potion of curing {unknown}
Comestibles
 b - 4 rations


   Skills:
 + Level 3.5 Fighting
 + Level 3.9 Dodging
 - Level 1.7 Stealth
 - Level 4.0 Shields
 - Level 6.0 Spellcasting
 + Level 4.8 Conjurations
 + Level 6.4 Summonings
 - Level 5.0 Ice Magic
 - Level 4.0 Invocations


You had 6 spell levels left.
You knew the following spells:

 Your Spells              Type           Power        Failure   Level  Hunger
a - Freeze                Ice            ####         1%          1    None
b - Throw Frost           Conj/Ice       ####..       1%          2    None
c - Ozocubu's Armour      Chrm/Ice       ###.....     11%         3    ##.....
d - Summon Ice Beast      Ice/Summ       ####....     10%         4    ####...
e - Throw Icicle          Conj/Ice       ####....     14%         4    ####...

Your spell library contained the following spells:

 Spells                   Type           Power        Failure   Level  Hunger


Dungeon Overview and Level Annotations

Branches:
Dungeon (8/15)             Temple (1/1) D:4
   Lair: D:8-11

Altars:
Ashenzari
Cheibriados
Dithmenos
Elyvilon
Fedhas
Gozag
Kikubaaqudgha
Makhleb
Nemelex Xobeh
Okawaru
Qazlal
Ru
Sif Muna
Trog
Uskayaw
Vehumet
Xom
Yredelemnul
The Shining One

Annotations:
D:7 2 transporters
D:8 Erica


Innate Abilities, Weirdness & Mutations

You can breathe blasts of fire.
Your fiery red scales are hard. (AC +7)
You cannot fit into any form of body armour.
Your flesh is heat resistant. (rF+)
You are cold-blooded and may be slowed by cold attacks.


Message History

Press: ? - help, Shift-Dir - straight line The shard of ice hits something!
You are starving!
You hear some strange, mumbled words.
An orb of energy appears from out of thin air!
The orb of energy hits you!
You don't have the energy to cast that spell.
You eat one of the 5 rations.
That ration really hit the spot!
You hear some strange, mumbled words.
A bolt of poison appears from out of thin air!
The bolt of poison hits you!!
You are poisoned.
* * * LOW HITPOINT WARNING * * *
Something hits you but does no damage.
As you read the scroll of fear, it crumbles to dust.
You assume a fearsome visage.
Nothing appears to happen.
* * * LOW HITPOINT WARNING * * *
You feel very sick. Something hits you!
You die...

##### #...#
#.#.### #.#...#
#####.###.####
#.......#....#
#.#####....#.###
#.##.#...#####
#.##.#Y@.#...
####.#{###)#
#.#.....#
#.#######
#.......#
######.## #.####
#....# #####
####.#


You could see a friendly ice beast.

Vanquished Creatures
  A wyvern (D:7)
  2 wargs (D:7)
  4 orc warriors
  A sky beast (D:6)
  A hornet zombie (D:8)
  2 ogres
  2 centaurs
  5 bullfrogs
  3 scorpions
  A centaur zombie (D:6)
  A bullfrog zombie (D:7)
  3 crimson imps
  A quasit (D:8)
  2 hounds
  10 orc priests
  An iguana (D:6)
  12 orc wizards
  8 worker ants
  A gnoll (D:5)
  6 adders
  A howler monkey skeleton (D:6)
  A shadow imp (D:8)
  An ooze (D:5)
  An adder zombie (D:6)
  5 worms
  2 leopard geckos
  32 orcs
  3 ball pythons
  2 giant cockroaches
  7 goblins
  10 hobgoblins
  7 jackals
  4 quokkas
  4 bats
  5 frilled lizards
  8 kobolds
  A quokka skeleton (D:7)
  6 rats
167 creatures vanquished.

Vanquished Creatures (collateral kills)
  A hungry ghost (D:7)
  An orc warrior (D:6)
  2 ogres
  Blork the orc (D:4)
  4 orc priests
  A bullfrog skeleton (D:8)
  An iguana (D:7)
  3 gnolls (D:5)
  An adder zombie (D:7)
  2 orcs (D:6)
17 creatures vanquished.

Grand Total: 184 creatures vanquished

Notes
Turn   | Place    | Note
-------+----------+-------------------------------------------
     0 | D:1      | RedPan the Draconian Ice Elementalist began the quest for
                  | the Orb.
     0 | D:1      | Reached XP level 1. HP: 14/14 MP: 3/3
   233 | D:1      | Reached XP level 2. HP: 20/20 MP: 3/5
   237 | D:1      | Learned a level 2 spell: Throw Frost
  1177 | D:2      | Reached XP level 3. HP: 26/26 MP: 5/7
  1361 | D:2      | Found a shattered altar of Ashenzari.
  1602 | D:2      | Learned a level 3 spell: Ozocubu's Armour
  1613 | D:2      | Reached XP level 4. HP: 33/33 MP: 8/8
  1753 | D:2      | Found a stormy altar of Qazlal.
  1756 | D:2      | Noticed an earth elemental
  1757 | D:2      | Noticed a water elemental
  1757 | D:2      | Noticed an air elemental
  1757 | D:2      | Noticed a fire elemental
  2815 | D:3      | Learned a level 4 spell: Summon Ice Beast
  3347 | D:3      | Found a glowing golden altar of the Shining One.
  3424 | D:4      | Reached XP level 5. HP: 21/38 MP: 10/10
  3732 | D:4      | Reached skill level 1 in Summonings
  3841 | D:4      | Found a staircase to the Ecumenical Temple.
  3915 | Temple   | Entered the Ecumenical Temple
  4120 | Temple   | Became a worshipper of Sif Muna the Loreminder
  4252 | D:4      | Noticed Blork the orc
  4291 | D:3      | Reached skill level 5 in Ice Magic
  4566 | D:4      | Killed Blork the orc
  4566 | D:4      | Reached XP level 6. HP: 45/45 MP: 8/12
  5094 | D:4      | Your scales start taking on a fiery red colour.
  5094 | D:4      | Reached XP level 7. HP: 47/50 MP: 13/13
  5094 | D:4      | Gained mutation: Your flesh is heat resistant. (rF+) [Red
                  | Draconian growth]
  5221 | D:4      | HP: 2/50 [orc/+0 dagger (3)]
  5606 | D:5      | Entered Level 5 of the Dungeon
  5645 | D:5      | Reached skill level 5 in Ice Magic
  5952 | D:5      | Reached * piety under Sif Muna
  6308 | D:5      | Found the +27 Lear's hauberk
  6318 | D:5      | Found a snail-covered altar of Cheibriados.
  6939 | D:6      | Reached skill level 1 in Invocations
  7104 | D:6      | Learned a level 4 spell: Throw Icicle
  7114 | D:6      | Reached skill level 1 in Shields
  7114 | D:6      | Reached XP level 8. HP: 39/57 MP: 14/14
  7471 | D:6      | Found a bloodstained altar of Trog.
  7699 | D:6      | Reached skill level 5 in Summonings
  7750 | D:6      | Reached skill level 5 in Spellcasting
  8077 | D:6      | Reached ** piety under Sif Muna
  8514 | D:7      | Found a transporter.
  8777 | D:7      | Found a shimmering altar of Xom.
  8879 | D:7      | Found a transporter.
  8932 | D:7      | Found Som Cats's Assorted Antiques.
  9368 | D:7      | Reached XP level 9. HP: 10/63 MP: 16/16
  9754 | D:7      | Reached skill level 1 in Fighting
 10280 | D:7      | HP: 1/67 [orc warrior/+0 battleaxe (6)]
 11342 | D:8      | Reached *** piety under Sif Muna
 11579 | D:8      | Got a pitted rapier
 11580 | D:8      | Identified the +5 rapier of the Absolute Madman {pierce,
                  | rElec rF+ Stlth+} (You found it on level 8 of the Dungeon)
 12153 | D:8      | Noticed Erica
 12169 | D:8      | Slain by Erica

Levels and vault maps discovered:
D:1:      lightli_arrival_statue_moat, layout_loops_ring
D:2:      layout_basic, nicolae_qazlal_style_of_elements,
          overflow_temple_1_default, minmay_strange_pillars
D:3:      layout_rooms, tso_altar, first_ration, kennysheep_crisscross
D:4:      layout_gridville, minmay_temple_entry_mist, uniq_blork_the_orc
D:5:      layout_loops_ring, slow_altar_1
D:6:      layout_cave_pools, bloody_trog
D:7:      gammafunk_steamed_eel, layout_basic, serial_shops, shop, basic_altar
D:8:      layout_basic, erik_lair_orcish_takeover, serial_shops, shop,
          uniq_erica
Temple:   eino_temple_water

Table legend:
 A = Non-vault XP
 B = Vault XP
 C = Vault XP percentage of total XP
 D = Non-vault monster count
 E = Vault monster count
 F = Vault count percentage of total count
                 A         B        C        D         E       F
            +---------+---------+-------+---------+---------+-------
      Total |    4174 |     691 |  14.2 |     173 |      11 |   6.0
            +---------+---------+-------+---------+---------+-------
        D:1 |      34 |       0 |   0.0 |      21 |       0 |   0.0
        D:2 |      94 |       0 |   0.0 |      26 |       0 |   0.0
        D:3 |      86 |       0 |   0.0 |      15 |       0 |   0.0
        D:4 |     490 |      87 |  15.1 |      15 |       1 |   6.2
        D:5 |     326 |       5 |   1.5 |      22 |       1 |   4.3
        D:6 |    1255 |       0 |   0.0 |      31 |       0 |   0.0
        D:7 |    1006 |     493 |  32.9 |      27 |       5 |  15.6
        D:8 |     883 |     106 |  10.7 |      16 |       4 |  20.0
            +---------+---------+-------+---------+---------+-------
